montu, chaotic male human Wizard ----------------- ------- -.....)%................-- -...----[--<------ ......-- -- -....| |..)....................| .....-- |........--- ...........| |...---- ---..@..................| --.- --.^h..............---- . --..(.............- | |...G...F.........| |.................| .................- .................... ..----...........-- ...| ---......--- ...| -.--.-- ....- -- -- .... ..... ---.--- -- montu the Conjurer Experience level: 5 Strength: 13 Dexterity: 14 Constitution: 14 Intelligence: 18 Wisdom: 8 Charisma: 9 Health: 0(54) Energy: 7(23) Def: 1 Gold: 72 Moves: 1650 Dungeon seed: AtbKjUGvC4rrWSbO Game ID: montu_1700920758 Your Inventory: Coins $ - 72 gold pieces Weapons a - a blessed +1 quarterstaff (weapon in hands) o - 11 uncursed +0 darts r - 13 cursed +0 crossbow bolts z - an uncursed +0 dwarvish short sword Armor e - an uncursed +0 cloak of magic resistance (being worn) n - a cursed -1 pair of fumble boots Comestibles i - 2 uncursed food rations Scrolls k - an uncursed scroll of enchant weapon l - a cursed scroll of identify u - an uncursed scroll of gold detection Potions B - a blessed potion of full healing Wands b - an uncursed wand of striking (0:1) Tools h - an uncursed blindfold p - an uncursed sack q - an uncursed can of grease (0:1) s - 4 uncursed tallow candles (0:200) t - an uncursed tinning kit (0:75) v - an uncursed +0 pick-axe w - 9 blessed tallow candles (0:200) x - a cursed tallow candle (0:200) Gems y - 2 uncursed worthless pieces of blue glass N - an uncursed worthless piece of orange glass Spells and supernatural/magical abilities: Name Level Category Cost Memory a - force bolt 1 attack 8pw 98% m - magic missile 2 attack 16pw 98% n - detect monsters 1 divination 12pw 98% U - detect unseen 3 divination 37pw 98% W - pray for help -- divine ? -- Your skills at the end: Fighting Skills wands [Basic] Weapon Skills quarterstaff [Basic] Spellcasting Skills attack spells [Basic] enchantment spells [Basic] Final Attributes: You were haltingly aligned. You were magic resistant. You last prayed 404 turns ago. Anhur was noncommittal. You are dead. Vanquished creatures: a large mimic 2 gnome lords 5 dwarves a homunculus 16 gnomes a gecko 4 jackals a fox a goblin 2 sewer rats 3 grid bugs 3 lichens 5 newts 45 creatures vanquished. Voluntary challenges: You used a wielded weapon 42 times, starting on turn 130. You read items or engraved 11 times, starting on turn 949. You never genocided any monsters. You never polymorphed an object. You never changed form. You used no wishes. You never split a pudding. You wrote Elbereth's name 7 times, starting on turn 951. You violated your moral code, losing 30 points of alignment, starting on turn 1248. Dungeon overview: The Dungeons of Doom: levels 1 to 2 Level 1 an altar to Anhur a long staircase Level 2 a hardware shop stairs to The Gnomish Mines The Gnomish Mines: levels 3 to 4 Level 3 stairs to The Dungeons of Doom Level 4 <- You were here History has recorded: On T:1 you entered the Dungeons of Doom to retrieve the Amulet of Yendor! On T:506 you reached level 2 of The Dungeons of Doom. On T:985 you advanced to experience level 2. On T:1069 you advanced to experience level 3. On T:1108 you reached level 1 of The Gnomish Mines. On T:1214 you advanced to experience level 4. On T:1569 you reached level 2 of The Gnomish Mines. On T:1570 you advanced to experience level 5. Score breakdown: Gold: 72 ( 6338 points) Experience: 5 levels (11141 points) Exploration: 4 levels ( 7.84%) ( 7348 points) Discoveries: 3 items ( 1.01%) ( 3010 points) Valuables value: (no points given unless you survive) Artifact value: 0 ( 0 points) Variety of kills: 13 monsters ( 3.42%) ( 5548 points) Turncount: 1650 turns ( 0 points) Survival: died (score multiplied by 80%) Total score: 26708 Latest messages: The force bolt misses the dwarf. The gnome shoots an arrow! The arrow misses the dwarf. You are hit by an arrow! You miss the dwarf. The dwarf wields a broad short sword! You miss the dwarf. (2x) The dwarf thrusts her broad short sword at you. The dwarf hits! You hit the dwarf! You miss the dwarf. The gnome shoots an arrow! The arrow misses the dwarf. You are almost hit by an arrow. The dwarf thrusts her broad short sword at you. The dwarf hits! You miss the dwarf. (2x) The gnome shoots an arrow! The arrow misses the dwarf. You are hit by an arrow! Wizard, your life force is running out. The dwarf thrusts her broad short sword at you. The dwarf hits! You die... The sack is empty. Final status: Goodbye montu the Wizard, killed by a dwarf... You died in The Gnomish Mines on dungeon level 4 with 26708 points, and 72 pieces of gold, after 1650 moves. You were level 5 with a maximum of 54 hit points when you died.